 Dungeon Crawl Stone Soup version 0.18-a0-816-g97f838e (webtiles) character file.

73 ololoev the Chopper (level 4, 0/33 HPs)
             Began as a Demonspawn Gladiator on Dec 15, 2015.
             Succumbed to poison (a potion of poison)
             ... on level 3 of the Dungeon.
             The game lasted 00:04:09 (1662 turns).

ololoev the Chopper (Demonspawn Gladiator)          Turns: 1662, Time: 00:04:09

Health: 0/33       AC:  3    Str: 16    XL:     4   Next: 8%
Magic:  4/4        EV: 12    Int:  9    God:
Gold:   130        SH:  0    Dex: 14    Spells: 0 memorised, 3 levels left

rFire  + . .     SeeInvis .     a - +0 war axe
rCold  + . .     Clarity  .     b - +0 leather armour
rNeg   . . .     SustAt   .     (no shield)
rPois  +         Gourm    .     (helmet restricted)
rElec  +         Spirit   .     (no cloak)
rCorr  +         Dismiss  .     (no gloves)
rMut   .         Stasis   .     (no boots)
MR     .....                    (no amulet)
Stlth  +.........               (no ring)
                                l - ring of flight

@: lethally poisoned (0 -> -12), resistant, flying, not resistant to hostile
enchantments, very unstealthy
A: antennae 1
a: no special abilities


Innate Abilities, Weirdness & Mutations

You have a pair of small antennae on your head.

Inventory:

Hand Weapons
 a - a +0 war axe (weapon)
Missiles
 d - 3 throwing nets (quivered)
Armour
 b - a +0 leather armour (worn)
 c - a +0 helmet
Jewellery
 l - a ring of flight (left hand)
Scrolls
 e - 3 scrolls of identify {unknown}
 g - 2 scrolls of teleportation {unknown}
 h - a scroll of recharging {unknown}
 j - 2 scrolls of immolation {unknown}
 m - a scroll of enchant armour {unknown}
 p - a scroll of remove curse {unknown}
 q - a scroll of amnesia {unknown}
Potions
 i - a potion of flight
 o - a potion of poison
 r - a potion of experience {unknown}
 s - a potion of heal wounds {unknown}
Comestibles
 f - 2 bread rations
 n - 2 meat rations


   Skills:
 - Level 2.0 Fighting
 * Level 4.0 Axes
 - Level 1.7 Throwing
 + Level 1.7 Armour
 - Level 2.6 Dodging


You had 3 spell levels left.
You didn't know any spells.


You were on level 3 of the Dungeon.
You were hungry.

You visited 1 branch of the dungeon, and saw 3 of its levels.

You collected 130 gold pieces.

#########.
########.........
#....<.....#####
#.##....)#.##
#.....o@{...#
#.###.####..# #
#.# #..# #.# #..#
#.# #o)[......
... .........##
..#.###{o#####
### #..# #..#

Notes
Turn   | Place    | Note
--------------------------------------------------------------
     0 | D:1      | ololoev the Demonspawn Gladiator began the quest for the Orb.
     0 | D:1      | Reached XP level 1. HP: 16/16 MP: 1/1
     3 | D:1      | Noticed an electric eel
     3 | D:1      | Noticed an electric eel
   220 | D:1      | Reached skill level 3 in Axes
   272 | D:1      | Gained mutation: You have a pair of small antennae on your head. [demonic ancestry]
   272 | D:1      | Reached XP level 2. HP: 15/22 MP: 2/2
   439 | D:1      | Reached skill level 1 in Armour
  1057 | D:2      | Reached XP level 3. HP: 25/27 MP: 3/3
  1632 | D:3      | Reached skill level 4 in Axes
  1641 | D:3      | Reached XP level 4. HP: 33/33 MP: 4/4
  1661 | D:3      | HP: 1/33 [poison (a potion of poison)]
  1662 | D:3      | Succumbed to poison (a potion of poison)

Dungeon Overview and Level Annotations

Branches:
Dungeon (3/15)

Altars:


Message History

The magic dart hits you! The orc closely misses you.
You closely miss the orc. The orc misses you.
Something hits you but does no damage. The orc hits you with a whip.
You slash something! You slash the orc!
The orc is almost dead.
You closely miss the orc. Something hits you but does no damage.
The orc hits you but does no damage. The orc barely misses you.
You barely miss something. You closely miss the orc.
The orc is almost dead.
You closely miss the orc.
You hear some strange, mumbled words.
Something tries to affect you, but you resist.
The orc hits you but does no damage. The orc closely misses you.
Unknown command.
You miss something. You barely miss the orc.
The orc is almost dead.
You closely miss the orc. Something hits you.
The orc hits you but does no damage. The orc hits you with a whip.
You hear some strange, mumbled words.
A puff of flame appears from out of thin air!
The puff of flame hits you! The orc hits you with a dagger.
You barely miss something. You hit the orc.
You kill the orc!
You hit the orc but do no damage. The orc hits you with a whip.
Something hits you but does no damage. The orc barely misses you.
Unknown command.
Drink which item? (? for menu, Esc to quit)
It was a potion of poison.
That liquid tasted very nasty...
You are lethally poisoned!
You feel sick. Something hits you. The orc barely misses you.
Drink which item? (? for menu, Esc to quit)
It was a potion of flight.
You feel very buoyant.
You fly up into the air.
You feel sick. Something hits you but does no damage.
The orc closely misses you.
Drink which item? (? for menu, Esc to quit)
It was a potion of resistance.
You feel protected.
You die...

You could see an orc.

Vanquished Creatures
  2 adders (D:2)
  A worm (D:2)
  A giant gecko (D:1)
  3 orcs (D:3)
  3 ball pythons (D:2)
  5 bats
  2 giant cockroaches (D:2)
  3 goblins (D:1)
  7 hobgoblins
  7 kobolds
  6 jackals
  3 rats
43 creatures vanquished.

Action                   |  1- 3 |  4- 6 || total
-------------------------+-------+-------++-------
Melee: War axe           |   110 |     7 ||   117
  Use: Potion            |       |     3 ||     3
  Eat: Chunk             |     2 |       ||     2

Vault maps used:
D:1:      arrival_aquarium_b
D:3:      vehumet_crystals, minitemple, uniq_robin
